 Dungeon Crawl Stone Soup version 0.28.0-53-g5a82cb258f (webtiles) character file.

Game seed: 3490125499759101048

52 Ashen the Magician (level 3, -1/26 HPs)
             Began as a Mummy Fire Elementalist on July 22, 2022.
             Slain by Crazy Yiuf
             ... wielding a +3 quarterstaff of chaos
              (2 damage)
             ... on level 2 of the Dungeon.
             The game lasted 00:03:49 (2594 turns).

Ashen the Magician (Mummy Fire Elementalist)        Turns: 2594, Time: 00:03:50

Health: -1/26      AC:  3    Str: 11    XL:     3   Next: 60%
Magic:  3/7        EV: 12    Int: 16    God:
Gold:   100        SH:  0    Dex: 12    Spells: 7/8 levels left

rFire   x . .      SeeInvis .   c - +0 short sword
rCold   + . .      Faith    .   (no shield)
rNeg    + + +      Spirit   .   a - +0 robe
rPois   ∞          Reflect  .   d - +0 hat
rElec   .          Harm     .   (no cloak)
rCorr   .          Rampage  .   e - +0 pair of gloves
Will    .....                   (no boots)
Stlth   ++........              (no amulet)
HPRegen 0.08/turn               (no ring)
MPRegen 0.10/turn               (no ring)

@: no status effects
A: cold resistance 1, negative energy resistance 3, torment resistance 2, heat
vulnerability 1, no potions
a: no special abilities


You were on level 2 of the Dungeon.
You visited 1 branch of the dungeon, and saw 2 of its levels.

You collected 100 gold pieces.

Inventory:

Hand Weapons
 c - a +0 short sword (weapon)
Armour
 a - a +0 robe (worn)
 d - a +0 hat (worn)
 e - a +0 pair of gloves (worn)
Scrolls
 b - a scroll of enchant armour {unknown}
 f - a scroll of noise {unknown}
 g - a scroll of vulnerability {unknown}


   Skills:
 + Level 1.1 Fighting
 + Level 1.9 Dodging
 + Level 2.1 Stealth
 + Level 3.1 Spellcasting
 + Level 1.3 Conjurations
 + Level 2.6 Fire Magic


You had 7 spell levels left.
You knew the following spells:

 Your Spells              Type           Power      Damage    Failure   Level
a - Foxfire               Conj/Fire      32%        2x1d5     9%          1

Your spell library contained the following spells:

 Spells                   Type           Power      Damage    Failure   Level
 Scorch                   Fire           20%        2d6       10%         2
 Magic Dart               Conj           24%        1d4       11%         1
 Conjure Flame            Conj/Fire      8%         6-21      24%         3
 Call Imp                 Summ           2%         N/A       28%         2
 Inner Flame              Hex/Fire       6%         N/A       32%         3
 Mephitic Cloud           Conj/Pois/Air  3%         N/A       43%         3
 Flame Wave               Conj/Fire      8%         2d5       63%         4


Dungeon Overview and Level Annotations

Branches:
Dungeon (2/15)

Altars:
Xom

Annotations:
D:2 Crazy Yiuf


Innate Abilities, Weirdness & Mutations

You are immune to poison.
Your flesh is cold resistant. (rC+)
You are immune to negative energy. (rN+++)
You are immune to unholy pain and torment.
You are vulnerable to heat. (rF-)
You do not drink.


Message History

Found a mace.
You open the door.
Crazy Yiuf shouts!
Casting: Foxfire (safe; 9% risk of failure)
Confirm with . or Enter, or press ? or * to list all spells.
You conjure some foxfire!
Your foxfire dissipates!
The foxfire hits Crazy Yiuf.
Crazy Yiuf is moderately wounded.
Casting: Foxfire (safe; 9% risk of failure)
Confirm with . or Enter, or press ? or * to list all spells.
You conjure some foxfire!
Casting: Foxfire (safe; 9% risk of failure)
Confirm with . or Enter, or press ? or * to list all spells.
You conjure some foxfire!
The foxfire hits Crazy Yiuf.
Crazy Yiuf is heavily wounded.
Crazy Yiuf closely misses you.
The foxfire hits Crazy Yiuf.
Crazy Yiuf is heavily wounded.
The foxfire hits Crazy Yiuf.
Crazy Yiuf is heavily wounded.
The foxfire hits Crazy Yiuf.
Crazy Yiuf is severely wounded.
Casting: Foxfire (safe; 9% risk of failure)
Confirm with . or Enter, or press ? or * to list all spells.
You conjure some foxfire!
Crazy Yiuf hits you with a +3 quarterstaff of chaos!
Ouch! That really hurt!
Crazy Yiuf freezes you.
Casting: Foxfire (safe; 9% risk of failure)
Confirm with . or Enter, or press ? or * to list all spells.
You conjure some foxfire!
The foxfire hits Crazy Yiuf but does no damage.
Crazy Yiuf is severely wounded.
The foxfire hits Crazy Yiuf.
Crazy Yiuf is severely wounded.
Crazy Yiuf hits you with a +3 quarterstaff of chaos!
* * * LOW HITPOINT WARNING * * *
Crazy Yiuf freezes you.
You die...

♣♣♣♣♣### ### ♣♣♣.♣....## #
#...#♣g.♣.♣....## #
#.).'.♣♣♣♣......# # #)..#♣♣
♣♣..g.§############### # ###
♣♣##@v............... #
##########.######. # #.# #.
#########################.######.
.#...#....................##.....
.............##.########..##.####
.......................#..##.#
.............##........#).##.#
.......########..#######.....#


You could see Crazy Yiuf (ally target).

Vanquished Creatures
  An adder (D:2)
  3 bats
  5 endoplasms (D:1)
  2 giant cockroaches (D:1)
  8 hobgoblins
  2 kobolds
  2 quokkas (D:1)
  3 ball pythons
  4 frilled lizards
  4 goblins
  5 rats
39 creatures vanquished.

Vanquished Creatures (others)
  94 foxfires
94 creatures vanquished.

Grand Total: 133 creatures vanquished

Notes
Turn   | Place    | Note
-------+----------+-------------------------------------------
     0 | D:1      | Ashen the Mummy Fire Elementalist began the quest for the
                  | Orb.
     0 | D:1      | Reached XP level 1. HP: 13/13 MP: 4/4
   256 | D:1      | Reached skill level 1 in Conjurations
   418 | D:1      | Reached XP level 2. HP: 20/20 MP: 2/5
   496 | D:1      | Found a faded altar of an unknown god.
   791 | D:1      | Reached skill level 3 in Spellcasting
  1037 | D:1      | Reached skill level 1 in Fighting
  1561 | D:1      | Reached XP level 3. HP: 26/26 MP: 4/7
  1793 | D:2      | Found a shimmering altar of Xom.
  2576 | D:2      | Found a runed translucent door.
  2577 | D:2      | Noticed Crazy Yiuf
  2594 | D:2      | HP: 1/26 [Crazy Yiuf/+3 quarterstaff of chaos (10)]
  2594 | D:2      | Slain by Crazy Yiuf

Illustrated notes

Levels and vault maps discovered:
D:1:      onia_arrival_mini_maze_b, layout_basic,
          dreamdust_ecumenical_altar_statues
D:2:      layout_basic, basic_altar, guppyfry_early_lair_pool,
          uniq_crazy_yiuf_cottage

Skill      XL: |  1  2 |
---------------+-------+-----
Conjurations   | 1 |  1.3
Spellcasting   | 3 |  3.1
Stealth        | 2 |  2.1
Fighting       | 1 |  1.1
Dodging        | |  1.9
Fire Magic     | |  2.6

Action                   || total
-------------------------++-------
Melee: Unarmed           ||     9
       Short sword       ||    36
       Punch             ||     1
 Cast: Foxfire           ||    54
 Stab: Sleeping          ||     5
Armor: Robe              ||    11
Dodge: Dodged            ||    36
